 Dungeon Crawl Stone Soup version 0.18-a0-1481-g708b138 (webtiles) character file.

1327 vonhedlund the Skirmisher (level 8, -4/71 HPs)
             Began as a Hill Orc Hunter on Mar 1, 2016.
             Was a Believer of Okawaru.
             Killed by divine providence
             ... invoked by an orc priest
              (12 damage)
             ... on level 7 of the Dungeon on Mar 2, 2016.
             The game lasted 00:45:51 (6043 turns).

vonhedlund the Skirmisher (Hill Orc Hunter)         Turns: 6043, Time: 00:45:51

Health: -4/71      AC:  9    Str: 16    XL:     8   Next: 60%
Magic:  8/8        EV:  6    Int: 11    God:    Okawaru [**....]
Gold:   218        SH:  0    Dex: 12    Spells: 0 memorised, 7 levels left

rFire  . . .     SeeInvis .     I - +0 shortbow
rCold  . . .     Gourm    .     J - +3 leather armour
rNeg   . . .     Faith    .     (shield currently unavailable)
rPois  .         Spirit   .     (no helmet)
rElec  .         Dismiss  .     n - +0 cloak
rCorr  .         Reflect  .     h - +0 pair of gloves
SustAt .         Harm     .     (no boots)
MR     .....                    (no amulet)
Stlth  +++.......               (no ring)
                                (no ring)

@: not resistant to hostile enchantments, fairly stealthy
A: no striking features
a: Heroism, Renounce Religion, Convert to Beogh


You were on level 7 of the Dungeon.
You worshipped Okawaru.
Okawaru was pleased with you.
You were not hungry.

You visited 2 branches of the dungeon, and saw 8 of its levels.

You collected 218 gold pieces.

Inventory:

Hand Weapons
 a - a +1 hand crossbow
 b - a +4 dagger of protection
 o - a +1 trident of pain
 v - a +0 mace of draining
 I - a +0 shortbow (weapon)
 O - a +1 whip of flaming
Missiles
 d - 18 bolts
 i - 29 sling bullets
 j - 40 poisoned needles
 q - 75 arrows (quivered)
 u - 21 arrows of frost
 H - 4 javelins
Armour
 h - a +0 pair of gloves (worn)
 n - a +0 cloak (worn)
 J - a +3 leather armour (worn)
Jewellery
 l - a +5 ring of evasion {unknown}
 F - an uncursed amulet of guardian spirit {unknown}
Wands
 r - a wand of lightning (0/15)
Scrolls
 e - a scroll of enchant armour {unknown}
 g - a scroll of enchant weapon {unknown}
 k - a scroll of immolation {unknown}
 m - a scroll of blinking {unknown}
 s - 3 scrolls of amnesia {unknown}
 y - a scroll of recharging {unknown}
 A - 2 scrolls of remove curse
 D - 2 scrolls of fog {unknown}
 L - a scroll of teleportation {unknown}
Potions
 c - 2 potions of curing {unknown}
 p - 3 potions of agility {unknown}
 w - 2 potions of might
 x - 2 potions of haste
 z - 2 potions of magic {unknown}
 B - 2 potions of lignification {unknown}
 C - a potion of brilliance {unknown}
 E - 2 potions of heal wounds
 N - a potion of mutation {unknown}
Books
 Q - a book of Minor Magic

   Spells                             Type                      Level
   a - Magic Dart                     Conjuration                  1
   b - Blink                          Translocation                2
   c - Call Imp                       Summoning                    2
   d - Repel Missiles                 Charms/Air                   2
   e - Slow                           Hexes                        2
   f - Conjure Flame                  Conjuration/Fire             3
   g - Mephitic Cloud                 Conjuration/Poison/Air       3
Comestibles
 f - 6 bread rations
 t - 2 beef jerkies
 G - 2 chunks of flesh
 K - 3 meat rations


   Skills:
 + Level 6.8 Fighting
 - Level 0.2 Short Blades
 - Level 4.0 Crossbows
 - Level 5.7 Armour
 - Level 1.6 Dodging
 - Level 5.8 Stealth


You had 7 spell levels left.
You didn't know any spells.

Dungeon Overview and Level Annotations

Branches:
Dungeon (7/15)             Temple (1/1) D:4

Altars:
Ashenzari
Dithmenos
Fedhas
Makhleb
Okawaru
Qazlal
Xom
The Shining One

Annotations:
D:3 Grinder


Message History

Save game and exit?
Welcome back, vonhedlund the Hill Orc Hunter.
Okawaru says: Bring me glory in combat!
Press ? for a list of commands and other information.
There is a stone staircase leading down here.
You climb downwards.
The orc priest invokes the aid of Beogh against you.
Beogh smites you!
The adder skeleton bites you but does no damage.
The orc warrior hits you with a battleaxe!
The orc priest calls down the wrath of Beogh upon you.
Beogh smites you!
* * * LOW HITPOINT WARNING * * *
There is a stone staircase leading up, spattered with blood here.
The adder skeleton bites you but does no damage.
The orc warrior hits you with a battleaxe!
* * * LOW HITPOINT WARNING * * *
The orc priest calls down the wrath of Beogh upon you.
Beogh smites you!
You die...

...# (a..
#..# #.o#
#.o# #..#
######.o##
#.....@..#
#.#..Z%...#
#.##...## #
(.....
#######


You could see an orc warrior, a worker ant (wandering), an orc priest, an orc
(wandering) and an adder skeleton.

Vanquished Creatures
  An orc warrior (D:5)
  2 sky beasts (D:6)
  An ogre (D:6)
  A centaur (D:6)
  2 scorpions
  3 crimson imps
  A centaur zombie (D:5)
  A hound (D:4)
  2 giant frog skeletons
  2 orc priests
  Jessica (D:3)
  7 orc wizards
  Natasha (D:3)
  4 worker ants
  3 adders
  4 gnolls
  3 oozes
  An adder skeleton (D:6)
  3 worms
  6 dart slugs
  2 giant geckos
  15 orcs
  2 giant cockroaches
  7 goblins
  4 hobgoblins
  3 jackals (D:2)
  6 kobolds
  2 quokkas
  3 ball pythons
  4 bats
  6 giant newts
  A quokka skeleton (D:5)
  A quokka zombie (D:5)
  4 rats
109 creatures vanquished.

Notes
Turn   | Place    | Note
--------------------------------------------------------------
     0 | D:1      | vonhedlund the Hill Orc Hunter began the quest for the Orb.
     0 | D:1      | Reached XP level 1. HP: 18/18 MP: 1/1
    34 | D:1      | Reached XP level 2. HP: 13/25 MP: 2/2
   396 | D:1      | Reached skill level 3 in Fighting
   396 | D:1      | Reached XP level 3. HP: 19/31 MP: 3/3
   554 | D:1      | You fall through a shaft!
   746 | D:1      | Reached skill level 4 in Fighting
   957 | D:2      | Reached XP level 4. HP: 36/40 MP: 4/4
  1109 | D:2      | Found a faded altar to an unknown god.
  1310 | D:3      | Noticed Grinder
  1365 | D:3      | Found a stormy altar of Qazlal.
  1374 | D:3      | Paralysed by Grinder for 3 turns
  1540 | D:3      | Noticed Jessica
  1553 | D:2      | Reached skill level 5 in Fighting
  1899 | D:3      | Noticed Natasha
  1911 | D:3      | Killed Natasha
  1911 | D:3      | Reached XP level 5. HP: 26/48 MP: 5/5
  1932 | D:3      | Killed Jessica
  2368 | D:3      | Reached skill level 6 in Fighting
  2402 | D:4      | Found a staircase to the Ecumenical Temple.
  2485 | D:4      | Reached skill level 1 in Stealth
  2683 | D:4      | Reached XP level 6. HP: 57/57 MP: 6/6
  2735 | D:4      | Found a shadowy altar of Dithmenos.
  2840 | D:4      | Upgraded the game from 0.18-a0-1466-g2490093 to 0.18-a0-1468-gaf180a1
  2850 | Temple   | Entered the Ecumenical Temple
  2861 | Temple   | Became a worshipper of Warmaster Okawaru
  2986 | D:5      | Entered Level 5 of the Dungeon
  3052 | D:5      | Found a shimmering altar of Xom.
  3151 | D:5      | Found a shattered altar of Ashenzari.
  3151 | D:5      | Found a glowing golden altar of the Shining One.
  3310 | D:5      | Found a blossoming altar of Fedhas.
  3958 | D:5      | Reached XP level 7. HP: 44/63 MP: 7/7
  4133 | D:3      | Found a blossoming altar of Fedhas.
  4423 | D:6      | Reached skill level 5 in Stealth
  4480 | D:6      | Reached * piety under Okawaru
  4823 | D:5      | Reached XP level 8. HP: 48/70 MP: 6/8
  5301 | D:6      | Reached skill level 5 in Armour
  5305 | D:6      | Found a burning altar of Makhleb.
  5938 | D:6      | Reached ** piety under Okawaru
  6036 | D:6      | Upgraded the game from 0.18-a0-1468-gaf180a1 to 0.18-a0-1481-g708b138
  6043 | D:7      | Killed from afar by an orc priest

Vault maps used:
D:1:      lightli_arrival_flooded_house
D:2:      ecumenical_altar_1
D:3:      lemuel_upstairs_altar, old_standard_altar, first_bread, uniq_jessica,
          uniq_grinder, uniq_natasha
D:4:      nicolae_overflow_crystal_walls, minmay_temple_entry_statues,
          wad_rectangle_vault
D:5:      xom_butterflies, gammafunk_temple_overflow_wave, fedhas_altar_4
D:6:      bloody_makhleb
D:7:      kennysheep_orc_sif_temple, kennysheep_little_box
Temple:   chambers_temple_12

Skill      XL: |  1  2  3  4  5  6  7  8 |
---------------+-------------------------+-----
Crossbows      | 4 |  4.0
Fighting       | 3 4 5 6 |  6.8
Stealth        | 1 4 5 |  5.8
Armour         | 2 5 |  5.7
Short Blades   | |  0.2
Dodging        | |  1.6

Action                   |  1- 3 |  4- 6 |  7- 9 || total
-------------------------+-------+-------+-------++-------
Melee: Short sword       |    51 |       |       ||    51
       Mace              |    10 |    41 |    70 ||   121
       Dagger            |    29 |   174 |   164 ||   367
       Whip              |       |       |    33 ||    33
 Fire: Hand crossbow     |    19 |    10 |     4 ||    33
       Shortbow          |       |       |     8 ||     8
Throw: Javelin           |       |       |    19 ||    19
Invok: Heroism           |       |       |     1 ||     1
Evoke: Wand              |       |     2 |     2 ||     4
  Use: Scroll            |       |     3 |     2 ||     5
       Potion            |       |       |     1 ||     1
 Stab: Sleeping          |       |     2 |     1 ||     3
  Eat: Chunk             |       |     9 |     7 ||    16
       Beef jerky        |       |     1 |       ||     1
